 Dungeon Crawl Stone Soup version 0.31-a0-1576-ga3383bade6 (webtiles) character file.

Game seed: 1099492644535600417

82 monsoonserge the Changeling (level 4, 0/28 HPs)
             Began as an Octopode Shapeshifter on Jan 4, 2024.
             Slain by an ufetubus (4 damage)
             ... on level 3 of the Dungeon.
             The game lasted 00:03:49 (1527 turns).

monsoonserge the Changeling (Octopode Shapeshifter) Turns: 1527, Time: 00:03:50

Health: 0/28       AC:  1    Str: 15    XL:     4   Next: 43%
Magic:  4/4        EV: 13    Int: 12    God:
Gold:   178        SH:  5    Dex: 11    Spells: 3/3 levels left

rFire   . .          .
                       - Unarmed
rCold   . . .        (no shield)
rNeg    . . .        (helmet currently unavailable)
rPois   .            f - amulet of reflection
rElec   .            (no ring)
rCorr   .            (no ring)
SInv    .            (no ring)
Will    .....        (no ring)
Stlth   ++           (no ring)
HPRegen 0.24/turn    (no ring)
MPRegen 0.09/turn    (no ring)
                     (no ring)

%: reflection
@: beast-form
A: beast (slay +2), almost no armour, amphibious, 8 rings, camouflage 1,
gelatinous body 1, (nimble swimmer 1), tentacles
a: Begin Untransformation


You were on level 3 of the Dungeon.
You were a hulking beast.
You visited 1 branch of the dungeon, and saw 3 of its levels.

You collected 178 gold pieces.

Inventory:

Missiles
 j - 5 datura-tipped darts
 q - 4 javelins
Magical Staves
 d - a staff of cold
Jewellery
 f - an amulet of reflection (around mantle)
 l - a ring of wizardry
 n - an amulet of magic regeneration
Talismans
 b - a beast talisman
 c - a flux talisman
 p - a serpent talisman
Scrolls
 e - 2 scrolls of identify {unknown}
 k - 2 scrolls of teleportation {unknown}
 m - a scroll of enchant armour {unknown}
Potions
 a - a potion of lignification
 g - a potion of mutation {unknown}
 h - a potion of haste {unknown}
 i - a potion of degeneration {unknown}
 o - a potion of curing {unknown}


   Skills:
 - Level 1.1 Fighting
 - Level 2.0 Dodging
 - Level 1.0 Stealth
 + Level 0.3 Shields
 - Level 3.0 Unarmed Combat
 * Level 4.6 Shapeshifting


You had 3 spell levels left.
You didn't know any spells.
Your spell library was empty.

Dungeon Overview and Level Annotations

Branches:
Dungeon (3/15)

Altars:


Innate Abilities, Weirdness & Mutations

You are a hulking beast.
Your limbs bulge with bestial killing power. (Slay +2)
You cannot wear most types of armour.
You are amphibious.
You can wear up to eight rings at the same time.
Your skin changes colour to match your surroundings (Stealth+).
Your rubbery body absorbs attacks. (AC +1, EV +1)
((You are camouflaged when in or above water. (Stealth+)))
You have tentacles for arms and can constrict up to eight enemies at once.


Message History

An ufetubus comes into view.
A gnoll comes into view. It is wielding a +0 flail.
The kobold shouts!
You hear an angry hiss.
The kobold throws a stone.
The stone hits you.
The kobold throws a stone.
The stone misses you. The gnoll attacks as it pursues you!
The gnoll hits you with a +0 whip. The ufetubus slips past you!
The ufetubus completely misses you. The ufetubus hits you.
An adder comes into view.
The gnoll completely misses you. The ufetubus misses you.
The ufetubus closely misses you.
The adder hisses angrily.
You bludgeon the ufetubus! You grab the ufetubus.
The ufetubus is severely wounded.
You constrict the ufetubus.
You kill the ufetubus!
The ufetubus slips past you! The ufetubus hits you. x2
The gnoll hits you with a +0 whip. You block the ufetubus's attack.
The ufetubus misses you.
You miss the ufetubus. Your grab misses the ufetubus.
You block the kobold's attack. The gnoll misses you.
The ufetubus barely misses you. The ufetubus closely misses you.
Unknown command.
You tentacle-slap the ufetubus. Your grab misses the ufetubus.
Your squeeze misses the ufetubus.
The ufetubus is moderately wounded.
The ufetubus hits you. x2; The kobold barely misses you.
The gnoll hits you with a +0 whip.
* * * LOW HITPOINT WARNING * * *
Unknown command.
You tentacle-slap the ufetubus but do no damage.
You grab the ufetubus.
The ufetubus is lightly wounded.
You constrict the ufetubus. You block the ufetubus's attack.
The ufetubus closely misses you. The kobold hits you with a +0 whip.
* * * LOW HITPOINT WARNING * * *
The gnoll closely misses you. The ufetubus hits you.
* * * LOW HITPOINT WARNING * * *
The ufetubus hits you.
You die...

... #. ......##.#.# ##.# >.
...........# #####.### #.#
...........## #........# #
............## #........#
.............# #........##.
.............# #........#..
###.........g###..<.......
............gKh5........##
............Sg##.........##
.........†..####..........#####
.............# #........# .....
.............###........### ##.
..........................####.
.............############......
###..........# ######.
##........## #.


You could see 3 gnolls, an adder, an ufetubus and a kobold.

Vanquished Creatures
  2 adders
  An ufetubus (D:3)
  2 dart slugs
  4 orcs (D:3)
  8 bats
  4 endoplasms
  3 giant cockroaches
  2 goblins
  2 hobgoblins
  2 quokkas (D:1)
  6 ball pythons
  11 kobolds
  5 rats
52 creatures vanquished.

Notes
Turn   | Place    | Note
-------+----------+-------------------------------------------
     0 | D:1      | monsoonserge the Octopode Shapeshifter began the quest for
                  | the Orb.
     0 | D:1      | Reached XP level 1. HP: 13/13 MP: 1/1
   106 | D:1      | Reached XP level 2. HP: 15/18 MP: 2/2
   301 | D:1      | You fall into a shaft and drop 1 floor!
   517 | D:2      | Reached XP level 3. HP: 23/23 MP: 3/3
   644 | D:1      | Reached skill level 4 in Shapeshifting
  1095 | D:2      | Reached skill level 1 in Stealth
  1431 | D:3      | Reached XP level 4. HP: 28/28 MP: 4/4
  1527 | D:3      | Slain by an ufetubus

Illustrated notes

Levels and vault maps discovered:
D:1:      minmay_arrival_stair_chambers, layout_loops_cross
D:2:      layout_basic
D:3:      layout_rooms

Skill      XL: |  1  2  3 |
---------------+----------+-----
Shapeshifting  | 4 |  4.6
Stealth        | 1 |  1.0
Fighting       | |  1.1
Dodging        | |  2.0
Shields        | |  0.3
Unarmed Combat | |  3.0

Action                     |  1- 3 |  4- 6 || total
---------------------------+-------+-------++-------
  Melee: Unarmed           |    69 |    20 ||    89
         Constrict         |    16 |     8 ||    24
         Tentacles         |    11 |     2 ||    13
         Punch             |     1 |       ||     1
   Stab: Sleeping          |    13 |     1 ||    14
 Armour: Skin              |    20 |    15 ||    35
  Dodge: Dodged            |    32 |    17 ||    49
  Block: Other             |    10 |     5 ||    15
         Reflection        |     1 |       ||     1

Table legend: (Time is in decaauts)
 A = Elapsed time spent in this place.
 B = Non-inter-level travel time spent in this place.
 C = Inter-level travel time spent in this place.
 D = Time resting spent in this place.
 E = Time spent auto-exploring this place.
 F = Levels seen in this place.
 G = Mean time per level.
                   A        B        C        D        E       F      G
               +--------+--------+--------+--------+--------+-----+--------+
         Total |   1522 |   1437 |     85 |     26 |    787 |   3 |  507.3 |
       Dungeon |   1522 |   1437 |     85 |     26 |    787 |   3 |  507.3 |
               +--------+--------+--------+--------+--------+-----+--------+

Top non-repeatable levels by time:
     D:1: 718 daAuts
     D:2: 545 daAuts
     D:3: 258 daAuts
